 Dungeon Crawl Stone Soup version 0.25-a0-890-g62861fb195 (webtiles) character file.

Game seed: 10726895533803990390, levelgen mode: deterministic

13548 Error4North the Cleaver (level 12, -1/107 HPs)
             Began as a Hill Orc Fighter on May 1, 2020.
             Was a High Priest of Okawaru.
             Shot with an arrow by Nessos (2 damage)
             ... on level 12 of the Dungeon on May 2, 2020.
             The game lasted 00:40:03 (11591 turns).

Error4North the Cleaver (Hill Orc Fighter)         Turns: 11591, Time: 00:40:04

Health: -1/107     AC: 17    Str: 24    XL:     12   Next: 7%
Magic:  10/15      EV:  4    Int:  8    God:    Okawaru [*****.]
Gold:   309        SH: 12    Dex: 10    Spells: 11/11 levels left

rFire    + . .     SeeInvis +   d - +0 hand axe (flame)
rCold    + . .     Gourm    .   c - +0 kite shield
rNeg     . . .     Faith    .   F - +0 gold dragon scales
rPois    +         Spirit   .   m - +1 helmet
rElec    .         Reflect  .   a - scarf {cloud immunity}
rCorr    .         Harm     +   l - +0 pair of gloves
MR       .....                  (no boots)
Stlth    ..........             e - amulet of harm
HPRegen  0.27/turn              A - ring of see invisible
MPRegen  0.14/turn              (no ring)

@: corroded, berserk cooldown, stab, flying, slowed, very slow
A: no striking features
a: Heroism, Finesse, Renounce Religion


You were on level 12 of the Dungeon.
You worshipped Okawaru.
Okawaru was extremely pleased with you.
You were not hungry.

You visited 3 branches of the dungeon, and saw 14 of its levels.

You collected 1201 gold pieces.
You spent 892 gold pieces at shops.

Inventory:

Hand Weapons
 d - a +0 hand axe of flaming (weapon)
 y - a +2 hand axe of electrocution
Missiles
 r - 14 boomerangs (quivered)
Armour
 a - a scarf of cloud immunity (worn)
 c - a +0 kite shield (worn)
 l - a +0 pair of gloves (worn)
 m - a +1 helmet (worn)
 F - +0 gold dragon scales (worn)
Jewellery
 e - an amulet of harm (around neck)
 A - a ring of see invisible (left hand)
Wands
 z - a wand of acid (19)
Scrolls
 b - a scroll of immolation
 g - 4 scrolls of amnesia
 h - 4 scrolls of blinking {unknown}
 j - 16 scrolls of identify
 n - 3 scrolls of teleportation {unknown}
 q - 3 scrolls of remove curse {unknown}
 v - a scroll of fog {unknown}
 w - a scroll of enchant weapon {unknown}
 C - a scroll of silence {unknown}
 D - 2 scrolls of magic mapping {unknown}
 E - a scroll of fear {unknown}
Potions
 o - 4 potions of curing
 p - a potion of haste
 s - 2 potions of stabbing
 t - a potion of flight
 u - 2 potions of brilliance {unknown}
 x - 3 potions of heal wounds {unknown}
 B - 2 potions of invisibility {unknown}
 G - a potion of might
Comestibles
 f - 17 rations


   Skills:
 * Level 10.4 Fighting
 + Level 12.9 Axes
 + Level 0.9 Throwing
 * Level 9.7 Armour
 + Level 1.5 Dodging
 + Level 0.5 Stealth
 * Level 11.2 Shields
 * Level 4.0 Invocations
 * Level 3.1 Evocations


You had 11 spell levels left.
You didn't know any spells.
Your spell library contained the following spells:

 Spells                   Type           Power        Failure   Level  Hunger
 Animate Skeleton         Necr           N/A          100%        1    ##.....
 Apportation              Tloc           #.....       100%        1    ##.....
 Corona                   Hex            #......      100%        1    ##.....
 Magic Dart               Conj           #...         100%        1    ##.....
 Summon Small Mammal      Summ           #...         100%        1    ##.....
 Blink                    Tloc           N/A          100%        2    ###....
 Call Imp                 Summ           #.......     100%        2    ###....
 Ensorcelled Hibernation  Hex/Ice        #.....       100%        2    ###....
 Searing Ray              Conj           #.....       100%        2    ###....
 Slow                     Hex            #.......     100%        2    ###....
 Call Canine Familiar     Summ           #.......     100%        3    ####...
 Confusing Touch          Hex            #.......     100%        3    ####...
 Conjure Flame            Conj/Fire      #.......     100%        3    ####...
 Dazzling Flash           Conj/Hex       #.....       100%        3    ####...
 Mephitic Cloud           Conj/Pois/Air  #.......     100%        3    ####...
 Summon Guardian Golem    Hex/Summ       #.......     100%        3    ####...
 Tukima's Dance           Hex            #.......     100%        3    ####...
 Fulminant Prism          Conj/Hex       #.........   100%        4    #####..
 Iskenderun's Mystic Bla  Conj/Tloc      #.......     100%        4    #####..
 Summon Ice Beast         Ice/Summ       #.......     100%        4    #####..
 Summon Lightning Spire   Summ/Air       #.......     100%        4    #####..


Dungeon Overview and Level Annotations

Branches:
Dungeon (12/15)            Temple (1/1) D:4            Lair (0/6) D:10
    Orc (1/2) D:10

Altars:
Ashenzari
Cheibriados
Dithmenos
Elyvilon
Fedhas
Gozag
Hepliaklqana
Kikubaaqudgha
Makhleb
Nemelex Xobeh
Okawaru
Qazlal
Ru
Sif Muna
Trog
Uskayaw
Vehumet
Wu Jian
Xom
Yredelemnul
Zin
The Shining One

Shops:
D:9 !   D:10 [(

Portals:
Gauntlet: D:12

Annotations:
D:5 Grinder
D:8 1 runed translucent door, Prince Ribbit; Zorot's ghost, novice DEVM
D:9 exclusions: ice statue and obsidian statue
D:10 3 runed translucent doors, EnegeticOcto's ghost, journeyman OpFi
D:12 Nessos


Message History

Nessos is moderately wounded.
You closely miss the rust devil.
Nessos blinks!
You block the rust devil's attack.
The rust devil disappears in a puff of smoke!
Nessos wields a +1 longbow of flaming.
It bursts into flame!
Nessos shoots an arrow.
The arrow hits you. The arrow burns you.
Nessos shoots an arrow.
You block the arrow.
Nessos shoots an arrow.
You block the arrow.
You see here 3 arrows.
Nessos shoots an arrow.
You block the arrow.
Nessos shoots an arrow.
The arrow hits you!
* * * LOW HITPOINT WARNING * * *
You see here 2 arrows.
Nessos shoots an arrow.
You block the arrow.
Nessos shoots an arrow.
The arrow hits you!
* * * LOW HITPOINT WARNING * * *
The arrow burns you.
* * * LOW HITPOINT WARNING * * *
Nessos shoots an arrow.
The arrow hits you.
You die...

## #.###.#
###@..#
###.(###.#
###..(.#
#...#.## ####
##...ยง# ...
#.c..##
#.####.....##
#..##(.......#
#....##..#....


You could see Nessos.

Vanquished Creatures
  2 hydras (D:11)
  Pikel (D:6)
  An ugly thing (D:11)
  A cyclops (D:11)
  A gargoyle (D:7)
  Psyche (D:11)
  A freezing wraith (D:10)
  3 hornets
  A wraith (D:11)
  7 yaks
  A wyvern (D:8)
  A hungry ghost (D:7)
  A water moccasin (D:8)
  14 orc warriors
  5 sky beasts
  3 ice beasts
  5 phantoms
  4 ogres
  3 slaves (D:6)
  2 necrophages
  13 centaurs
  3 big kobolds
  5 bullfrogs
  A wyvern zombie (D:6)
  A wyvern skeleton (D:6)
  2 scorpions
  5 wights (D:9)
  13 killer bees
  2 howler monkeys
  2 lava snakes (D:10)
  4 centaur zombies
  6 crimson imps
  9 orc priests
  3 centaur skeletons
  11 hounds
  4 jellies
  16 orc wizards
  2 bullfrog skeletons
  3 iguanas
  9 worker ants
  A killer bee zombie (D:9)
  A hound skeleton (D:9)
  A howler monkey zombie (D:6)
  2 worker ant zombies
  2 gnolls (D:6)
  8 adders
  A shadow imp (D:10)
  An adder skeleton (D:5)
  2 adder zombies
  2 dart slugs
  4 leopard geckos
  51 orcs
  A giant cockroach (D:1)
  8 goblins
  7 hobgoblins
  5 jackals
  5 quokkas
  3 ball pythons
  4 bats
  6 frilled lizards
  20 kobolds
  A leopard gecko skeleton (D:4)
  A quokka zombie (D:7)
  11 rats
320 creatures vanquished.

Vanquished Creatures (others)
  A slave (D:6)
  A crimson imp (D:6)
  A fungus (D:8)
  5 plants (D:8)
8 creatures vanquished.

Grand Total: 328 creatures vanquished

Notes
Turn   | Place    | Note
-------+----------+-------------------------------------------
     0 | D:1      | Error4North the Hill Orc Fighter began the quest for the
                  | Orb.
     0 | D:1      | Reached XP level 1. HP: 19/19 MP: 1/1
    67 | D:1      | Reached XP level 2. HP: 11/27 MP: 2/2
   721 | D:1      | Reached XP level 3. HP: 33/33 MP: 3/3
  1141 | D:2      | Reached skill level 3 in Axes
  1190 | D:2      | Found a shattered altar of Ashenzari.
  1392 | D:2      | Found a shimmering blue altar of Sif Muna.
  1923 | D:2      | Reached XP level 4. HP: 38/40 MP: 4/4
  2468 | D:3      | Found a snail-covered altar of Cheibriados.
  2855 | D:4      | Reached XP level 5. HP: 46/46 MP: 5/5
  2873 | D:4      | Noticed an ogre
  2882 | D:4      | Killed an ogre
  2882 | D:4      | Reached skill level 4 in Axes
  2882 | D:4      | Reached skill level 5 in Armour
  2882 | D:4      | Reached XP level 6. HP: 49/52 MP: 6/6
  3004 | D:4      | Reached skill level 5 in Axes
  3030 | D:4      | Found a staircase to the Ecumenical Temple.
  3039 | Temple   | Entered the Ecumenical Temple
  3308 | D:4      | Reached skill level 5 in Shields
  3921 | D:5      | Entered Level 5 of the Dungeon
  3928 | D:5      | Noticed an orc warrior
  3939 | D:5      | Reached XP level 7. HP: 36/60 MP: 7/7
  4204 | D:5      | Reached skill level 6 in Axes
  4262 | D:5      | Found an iron altar of Okawaru.
  4268 | D:5      | Became a worshipper of Warmaster Okawaru
  4356 | D:5      | Found a shattered altar of Ashenzari.
  4415 | D:5      | Reached skill level 5 in Fighting
  4427 | D:5      | Found a sparkling altar of Nemelex Xobeh.
  4592 | D:5      | Found an ornate altar of the Wu Jian Council.
  4610 | D:5      | Reached XP level 8. HP: 60/68 MP: 8/8
  4659 | D:5      | Found a stormy altar of Qazlal.
  4683 | D:5      | Noticed Grinder
  5103 | D:5      | Found a shadowy altar of Dithmenos.
  5376 | D:6      | Reached * piety under Okawaru
  5425 | D:6      | Found an ancient bone altar of Kikubaaqudgha.
  5444 | D:6      | Reached skill level 7 in Axes
  5457 | D:6      | Noticed Pikel
  5484 | D:6      | Killed Pikel
  5484 | D:6      | Reached ** piety under Okawaru
  5484 | D:6      | Reached skill level 8 in Axes
  5484 | D:6      | Reached skill level 1 in Dodging
  5484 | D:6      | Reached XP level 9. HP: 28/75 MP: 9/9
  6043 | D:6      | Found a white marble altar of Elyvilon.
  6320 | D:7      | Found a sacrificial altar of Ru.
  6339 | D:7      | Reached skill level 9 in Axes
  6408 | D:7      | Reached *** piety under Okawaru
  6421 | D:7      | Got a brightly glowing chain mail
  6425 | D:7      | Identified the +1 chain mail of the Ancient Friends {MR+
                  | Int+2 Dex+9 Stlth-} (You found it on level 7 of the
                  | Dungeon)
  6924 | D:7      | Noticed a gargoyle
  6937 | D:7      | Killed a gargoyle
  6948 | D:7      | Reached skill level 10 in Axes
  6948 | D:7      | Reached XP level 10. HP: 82/86 MP: 8/10
  7213 | D:7      | Reached **** piety under Okawaru
  7570 | D:8      | Found a runed translucent door.
  7573 | D:8      | Identified the +5 trident "Banisher" {freeze, Fragile rC+
                  | Str+4 Int+5}
  7574 | D:8      | Noticed Zorot's ghost (novice DEVM)
  7598 | D:8      | Noticed Prince Ribbit
  7638 | D:8      | Found an opulent altar of Gozag.
  7709 | D:8      | Found a burning altar of Makhleb.
  8107 | D:8      | Reached skill level 11 in Axes
  8440 | D:9      | Reached skill level 1 in Invocations
  8538 | D:9      | Reached ***** piety under Okawaru
  8597 | D:9      | Found Moutoa's Distillery.
  8642 | D:9      | Bought a potion of degeneration for 12 gold pieces
  8700 | D:9      | Reached XP level 11. HP: 97/97 MP: 11/11
  8776 | D:9      | Noticed an obsidian statue
  8965 | D:9      | Noticed a +0 dagger
  8965 | D:9      | Noticed a -2 dagger
  8967 | D:9      | Found a hide-covered altar of Uskayaw.
  9437 | D:10     | Entered Level 10 of the Dungeon
  9443 | D:10     | Found a staircase to the Lair.
  9452 | D:10     | Reached skill level 10 in Shields
  9452 | D:10     | Reached skill level 1 in Evocations
  9495 | D:10     | Found Biguh's Weapon Shoppe.
  9498 | D:10     | Found a staircase to the Orcish Mines.
  9503 | D:10     | Found Iracech's Armour Shoppe.
  9511 | D:10     | Reached skill level 12 in Axes
  9551 | D:10     | Upgraded the game from 0.25-a0-875-geaba134f46 to
                  | 0.25-a0-890-g62861fb195
  9609 | D:10     | Paralysed by a hornet for 1 turns
  9867 | D:10     | Found a runed translucent gate.
  9867 | D:10     | Found a runed translucent gate.
  9868 | D:10     | Found a runed translucent gate.
  9869 | D:10     | Noticed EnegeticOcto's ghost (journeyman OpFi)
 10156 | Orc:1    | Entered Level 1 of the Orcish Mines
 10892 | D:10     | Bought +0 gold dragon scales for 880 gold pieces
 10968 | D:11     | Paralysed by a hornet for 3 turns
 10975 | D:11     | Received a gift from Okawaru
 11154 | D:11     | Noticed Psyche
 11156 | D:11     | Noticed a green ugly thing
 11163 | D:11     | Killed Psyche
 11163 | D:11     | Reached skill level 10 in Fighting
 11166 | D:11     | Killed a green ugly thing
 11297 | D:11     | Noticed a six-headed hydra
 11310 | D:11     | Killed a one-headed hydra
 11487 | D:11     | Noticed a cyclops
 11498 | D:11     | Killed a cyclops
 11544 | D:12     | Noticed Nessos
 11545 | D:12     | Noticed a seven-headed hydra
 11546 | D:12     | Noticed a deep elf mage
 11547 | D:12     | Found a gate leading to a gauntlet.
 11550 | D:12     | Noticed a sun demon
 11554 | D:12     | Noticed an unseen horror
 11570 | D:11     | Killed a one-headed hydra
 11570 | D:11     | Reached XP level 12. HP: 45/107 MP: 8/15
 11591 | D:12     | HP: 3/107 [Nessos/arrow (16)]
 11591 | D:12     | HP: 1/107 [Nessos/arrow (2)]
 11591 | D:12     | Shot with an arrow by Nessos

Levels and vault maps discovered:
D:1:      roderic_crop_circles_arrival_small, layout_basic
D:2:      minmay_chambers_of_twos, layout_loops_corners,
          nicolae_overflow_crystal_walls, lemuel_coloured_pillars_altar
D:3:      layout_basic, first_ration, kennysheep_slug_shrine
D:4:      layout_basic, temple_pool_b
D:5:      layout_layer_cave, nemelex_xobeh_ov_fountains_minmay,
          okawaru_ov_weapons_minmay, marbit_many_paths, minitemple,
          evilmike_ruin_ashenzari, uniq_grinder
D:6:      layout_basic, kiku_gazebo_pond_becter, elyvilon_altar_1, sigmund_army,
          uniq_pikel
D:7:      minmay_chambers_of_sixes, layout_basic,
          nicolae_ru_sacrificial_ziggurat
D:8:      layout_loops_ring, makhleb_grotto_becter,
          nicolae_gozag_cash_rules_everything_around_me,
          ebering_ghost_funeral_grove, uniq_prince_ribbit1
D:9:      minmay_separated_statues, layout_basic, dancing_weapons_uskayaw,
          serial_shops, shop
D:10:     layout_big_octagon, lair_entry_dummy, orc_david_3,
          gammafunk_ghost_spectres
D:11:     layout_rooms, uniq_psyche
D:12:     layout_layer_cave, gauntlet_entry_generic, uniq_maurice, uniq_nessos
Temple:   compressed_dpeg_triangle_lava_temple
Orc:1:    layout_diamond_mine, uniq_nergalle

Skill      XL: |  1  2  3  4  5  6  7  8  9 10 11 |
---------------+----------------------------------+-----
Shields        | 4 5 6 8 9 11 | 11.2
Axes           | 3 4 5 6 8 10 11 12 | 12.9
Armour         | 4 5 6 7 8 9 |  9.7
Fighting       | 4 5 6 7 9 10 | 10.4
Dodging        | 1 |  1.5
Invocations    | 1 4 |  4.0
Evocations     | 3 |  3.1
Throwing       | |  0.9
Stealth        | |  0.5

Action                   |  1- 3 |  4- 6 |  7- 9 | 10-12 || total
-------------------------+-------+-------+-------+-------++-------
Melee: War axe           |   149 |   128 |   318 |   504 ||  1099
       Hand axe          |       |       |       |   104 ||   104
Throw: Boomerang         |       |     5 |     7 |    10 ||    22
Invok: Heroism           |       |       |     2 |    22 ||    24
       Finesse           |       |       |       |     2 ||     2
  Use: Scroll            |       |     2 |     1 |     5 ||     8
       Potion            |       |     2 |     5 |     4 ||    11
  Eat: Chunk             |     3 |     6 |     4 |    15 ||    28
       Ration            |       |       |     3 |       ||     3
Armor: Scale mail        |    71 |       |       |       ||    71
       Chain mail        |    41 |    94 |   154 |   110 ||   399
       Skin              |       |       |     1 |       ||     1
       Gold dragon scale |       |       |       |    74 ||    74
Dodge: Dodged            |    53 |    33 |    71 |   121 ||   278
Block: Kite shield       |    99 |    72 |   172 |   343 ||   686

Table legend:
 A = Non-vault XP
 B = Vault XP
 C = Vault XP percentage of total XP
 D = Non-vault monster count
 E = Vault monster count
 F = Vault count percentage of total count
                 A         B        C        D         E       F
            +---------+---------+-------+---------+---------+-------
      Total |   16892 |    2463 |  12.7 |     290 |      27 |   8.5
            +---------+---------+-------+---------+---------+-------
        D:1 |      39 |       0 |   0.0 |      25 |       0 |   0.0
        D:2 |      33 |      24 |  42.1 |       6 |       8 |  57.1
        D:3 |      17 |       4 |  19.0 |      12 |       1 |   7.7
        D:4 |     425 |       0 |   0.0 |      23 |       0 |   0.0
        D:5 |     752 |     115 |  13.3 |      16 |       1 |   5.9
        D:6 |     836 |     691 |  45.3 |      18 |       3 |  14.3
        D:7 |    1686 |     734 |  30.3 |      42 |       5 |  10.6
        D:8 |    1879 |      50 |   2.6 |      34 |       1 |   2.9
        D:9 |    2526 |       0 |   0.0 |      30 |       0 |   0.0
       D:10 |    1547 |     411 |  21.0 |      21 |       7 |  25.0
       D:11 |    6022 |     434 |   6.7 |      38 |       1 |   2.6
      Orc:1 |    1130 |       0 |   0.0 |      25 |       0 |   0.0
            +---------+---------+-------+---------+---------+-------
